 Dungeon Crawl Stone Soup version 0.31-a0-865-g3d5d91748a (webtiles) character file.

Game seed: 4216739182313503316

2025045 Flugkiller the Shapeless Draconian (level 25, 327/327 HPs)
             Began as a Yellow Draconian Berserker on Oct 10, 2023.
             Was the Champion of Trog.
             Escaped with the Orb
             ... and 3 runes!
             The game lasted 00:52:06 (47438 turns).

Flugkiller the Shapeless Draconian (DrBe)          Turns: 47438, Time: 00:52:06

Health: 327/327    AC: 24    Str: 34    XL:     25   Next: 88%
Magic:  23/23      EV: 24    Int: 10    God:    Trog [******]
Gold:   3708       SH:  0    Dex: 21    Spells: 24/24 levels left

rFire   + .          .
                       - Unarmed
rCold   + . .        L - melded +1 buckler {rC+ rF+}
rNeg    . . .        (body armour unavailable)
rPois   +            T - melded +2 hat
rElec   +            B - melded +2 cloak "Racew" {Str+5 Dex+4}
rCorr   +            x - melded +0 pair of gloves "Qaogah" {Str+5}
SInv    .            k - melded +2 pair of boots
Will    ++++.        Z - amulet of Xireinou {rC+ Regen+}
Stlth   +            m - ring "Banleell" {rElec rF+ Will+}
HPRegen 1.54/turn    r - ring "Nekkaom" {Will++ EV+5 Int+3 Dex+4}
MPRegen 0.18/turn

%: no passive effects
@: dragon-form, flying, studying 2 skills
A: dragon claw, dragon scales, flying, boosted hp, spit acid, AC +12, giant,
unfitting armour, acidic bite, (cold-blooded), acid resistance, dopey 1, frail 1
0: Orb of Zot
}: 3/15 runes: barnacled, silver, gossamer
a: Breathe Acid, Begin Untransformation, Renounce Religion, Berserk, Trog's
Hand, Brothers in Arms


You escaped.
You worshipped Trog.
Trog was exalted by your worship.
You were a fearsome golden dragon!
You visited 8 branches of the dungeon, and saw 44 of its levels.
You visited the Abyss 1 time.
You also visited: Gauntlet, Ice Cave, Wizlab and Desolation.

You collected 6736 gold pieces.
You spent 3028 gold pieces at shops.

Inventory:

Hand Weapons
 s - the +10 sling of Hurting Execution {heavy, rN+ rCorr MP+9 Str-3}
   (You took it off an orc knight on level 5 of the Vaults)

   Str-3:     It affects your strength (-3).
   rN+:       It protects you from negative energy.
   MP+9:      It affects your magic capacity (+9).
   rCorr:     It protects you from acid and corrosion.
Missiles
 K - 10 throwing nets
 W - 10 curare-tipped darts
Armour
 k - a +2 pair of boots (melded)
   (You found it on level 5 of the Dungeon)
 x - the +0 pair of gloves "Qaogah" (melded) {Str+5}
   (You found it on level 8 of the Dungeon)

   Str+5:     It affects your strength (+5).
 B - the +2 cloak "Racew" (melded) {Str+5 Dex+4}
   (You acquired it on level 10 of the Dungeon)

   Str+5:     It affects your strength (+5).
   Dex+4:     It affects your dexterity (+4).
 L - a +1 buckler of resistance (melded)
   (You found it on level 2 of the Lair of Beasts)
 T - a +2 hat (melded)
   (You found it on level 1 of the Shoals)
Jewellery
 c - a ring of protection from cold
   (You took it off a draconian monk on level 1 of the Realm of Zot)
 i - a ring of see invisible
   (You found it on level 10 of the Dungeon)
 m - the ring "Banleell" (left foreclaw) {rElec rF+ Will+}
   (You found it in the Desolation of Salt)

   [ring of willpower]

   rF+:       It protects you from fire.
   rElec:     It insulates you from electricity.
   Will+:     It increases your willpower.
 p - a ring of protection from cold
   (You found it on level 15 of the Dungeon)
 r - the ring "Nekkaom" (right foreclaw) {Will++ EV+5 Int+3 Dex+4}
   (You found it in a wizard's laboratory)

   [ring of evasion]

   EV+5:      It affects your evasion (+5).
   Int+3:     It affects your intelligence (+3).
   Dex+4:     It affects your dexterity (+4).
   Will++:    It greatly increases your willpower.
 Q - the ring of the Hare {EV+10}
   (You found it on level 1 of the Depths)

   [ring of evasion]

   EV+10:     It affects your evasion (+10).
 Z - the amulet of Xireinou (around neck) {rC+ Regen+}
   (You bought it in a shop on level 1 of the Depths)

   [amulet of regeneration]

   rC+:       It protects you from cold.
   Regen+:    It increases your rate of health regeneration.
Talismans
 b - a granite talisman
   (You found it on level 1 of the Dungeon)
 E - a dragon-blood talisman (active)
   (You took it off Bai Suzhen on level 3 of the Spider Nest)
 X - a storm talisman
   (You found it on level 13 of the Dungeon)
Wands
 H - a wand of digging (11)
   (You found it on level 12 of the Dungeon)
 I - a wand of roots (27)
   (You found it on level 11 of the Dungeon)
 O - a wand of paralysis (43)
   (You found it on level 8 of the Dungeon)
 R - a wand of quicksilver (20)
   (You found it on level 13 of the Dungeon)
 S - a wand of mindburst (16)
   (You found it on level 4 of the Shoals)
Scrolls
 a - 13 scrolls of enchant armour
 j - 11 scrolls of fear
 t - 12 scrolls of teleportation
 u - 4 scrolls of summoning
 z - a scroll of blinking
 C - 7 scrolls of vulnerability
 D - a scroll of immolation
 G - a scroll of fog
 U - 3 scrolls of silence
 Y - 7 scrolls of poison
Potions
 d - 4 potions of might
 e - 6 potions of enlightenment
 f - 6 potions of lignification
 g - 9 potions of attraction
 h - 2 potions of haste
 l - 11 potions of cancellation
 n - 5 potions of resistance
 q - 11 potions of curing
 w - 16 potions of heal wounds
 A - 14 potions of ambrosia
 J - a potion of magic
 M - a potion of invisibility
 N - 12 potions of mutation
Miscellaneous
 o - a tin of tremorstones (2/2)
   (You found it in the Desolation of Salt)
 y - a phial of floods
   (You found it on level 8 of the Dungeon)
 P - a phantom mirror
   (You found it on level 5 of the Lair of Beasts)
 V - a sack of spiders
   (You found it on level 13 of the Dungeon)


   Skills:
 + Level 23.3 Fighting
 - Level 18.0 Dodging
 - Level 6.0 Shields
 + Level 22.8 Unarmed Combat
 - Level 10.0 Evocations
 O Level 27 Shapeshifting


You had 24 spell levels left.
You didn't know any spells.
Your spell library was empty.

Dungeon Overview and Level Annotations

Branches:
Dungeon (15/15)            Temple (0/1) D:4            Lair (5/5) D:10
 Shoals (4/4) Lair:3       Spider (4/4) Lair:2        Slime (0/5) Lair:5
    Orc (2/2) D:11            Elf (0/3) Orc:2        Vaults (5/5) D:13
  Crypt (0/3) Vaults:3     Depths (4/4) D:15            Zot (5/5) Depths:4
  IceCv (visited)          WizLab (visited)         Desolation (visited)
Gauntlet (visited)

Altars:
Ashenzari
Elyvilon
Fedhas
Gozag
Kikubaaqudgha
Okawaru
Sif Muna
Trog
The Shining One
Jiyva
Lugonu

Shops:
D:8 ?   D:9 =   D:13 =   Orc:2 :[([(   Shoals:1 *   Shoals:2 ([(   Vaults:5 !!
Depths:1 =?*(   Depths:3 (   Depths:4 ?[!=

Portals:
Hell: Depths:1 Depths:2 Depths:3 Depths:4
Abyss: Lair:5 Depths:2 Depths:3
Pandemonium: Depths:2
Ziggurat: Depths:3

Annotations:
D:4 exclusion: oklob sapling
D:7 1 runed translucent door, Crazy Yiuf, Jeremiah
D:12 2 transporters, inmateoo's ghost, journeyman MiFi
Lair:5 exclusion: oklob plant


Innate Abilities, Weirdness & Mutations

You are a fearsome golden dragon!
You have a powerful clawing attack.
Your giant scaled body is strong and resilient, but less evasive.
Your breath weapon is enhanced in this form.
You are flying.
Your maximum health is greatly increased.
Your armour is entirely melded.
You are incapable of wielding weapons or throwing items.
You can spit globs of acid.
Your golden yellow scales are hard. (AC +12)
You cannot fit into any form of body armour.
You have acidic saliva.
((You are cold-blooded and may be slowed by cold attacks.))
You are resistant to acid. (rCorr)
You are dopey. (Int -2)
You are frail. (-10% HP)


Message History

Toehun hits you. The sun demon closely misses you.
You closely miss Toehun. You tail-slap Toehun, but do no damage.
Toehun is severely wounded.
Toehun hits you. Toehun freezes you.
You bite Toehun!!
Toehun is almost dead.
The sun demon closely misses you.
You bite Toehun!! You tail-slap Toehun.
You kill Toehun!
Trog accepts your kill. The sun demon barely misses you.
You completely miss the sun demon. You claw the sun demon!!
The sun demon is heavily wounded.
You maul the sun demon!!!!
You kill the sun demon!
Trog accepts your kill.
No target in view!
Okay, then.
There is a stone staircase leading up here.
You fly upwards.
Level annotation: 2 transporters, inmateoo's ghost, journeyman MiFi
There is a stone staircase leading down here.
A large abomination comes into view.
There is a stone staircase leading up here.
Unknown command.
You fly upwards.
There is a stone staircase leading down here.
HP restored.
You see here 3 stones.
A reaper comes into view.
It is wielding a +1 scythe of protection.
Unknown command.
The reaper barely misses you.
You hit the reaper. You bite the reaper!!
The acid corrodes the reaper!
The reaper is moderately wounded.
You barely miss the reaper. You claw the reaper, but do no damage.
The reaper is moderately wounded.
The reaper hits you but does no damage.
You maul the reaper!!!
You kill the reaper!
Trog accepts your kill.
There is a stone staircase leading up here.
You fly upwards.
There is a stone staircase leading down here.
There is a stone staircase leading up here.
You fly upwards.
There is a stone staircase leading down here.
Things that are here:
a +0 ring mail; a +0 short sword; an orc skeleton You see here a +0 plate armour.
Items here: )) [[.
There is an open door here.
You see here a +0 mace.
There is a stone staircase leading up here.
You fly upwards.
There is a stone staircase leading down here.
There is an open door here.
There is an open door here.
A Brimstone Fiend opens the door.
There is a stone staircase leading up here.
You fly upwards.
Level annotation: 1 runed translucent door, Crazy Yiuf, Jeremiah
There is a stone staircase leading down here.
An Orb Guardian comes into view.
Unknown command.
You can't go up here!
There is a stone staircase leading up here.
You fly upwards.
There is a stone staircase leading down here.
A chaos spawn comes into view.
Unknown command.
You maul the chaos spawn!!!
You kill the chaos spawn!
Trog accepts your kill.
The chaos spawn degenerates into a cloud of primal chaos!
No target in view!
You are engulfed in seething chaos.
There is a stone staircase leading up here.
You are engulfed in seething chaos.
You fly upwards.
There is a stone staircase leading down here.
You see here a +0 orcbow.
There is a stone staircase leading up here.
You fly upwards.
Level annotation: exclusion: oklob sapling
There is a stone staircase leading down here.
You see here a +0 club.
There is an open door here.
There is a stone staircase leading up here.
You fly upwards.
There is a stone staircase leading down here.
There is a stone staircase leading up here.
You fly upwards.
There is a stone staircase leading down here.
There is a stone staircase leading up here.
You fly upwards.
There is a stone staircase leading down here.
There is an open door here.
There is a staircase leading out of the dungeon here.
Enter note: gg You have escaped!

........................#........
............#####..######.#####..
#######.###.# #..# #.#...... #
##.##..## #..######.#.###.. #
#..#....####............†..) #
#......................###.# #
#..#####.#####.#####.### #.# #
#..#...#.#...#.# #.# #.# #
#..#...#.'.D.#.# #.# #.# #
##.#...#.#...#.# ###.#####.# #
#.##'##.#####.# #.......... #
#.............# #.######### #
#.#####.##'##.# #.#
#######.#...#.#...#.# #.#
........#.>.'.#...#.###.######
######..#...#.#...#..........# #
##.#####.#####..#######.#


There were no monsters in sight!

Vanquished Creatures
  4 dread liches
  3 ancient liches
  5 orbs of fire (Zot:5)
  3 juggernauts
  Sojobo (Vaults:4)
  Bai Suzhen (Spider:3)
  5 Killer Klowns (Zot:5)
  Saint Roka (Vaults:3)
  A Head Instructor (WizLab)
  A curse toe (Zot:4)
  A pandemonium lord (D:13)
  Jory (Vaults:4)
  A bone dragon (Depths:4)
  4 golden dragons
  2 electric golems (Zot:5)
  8 tentacled monstrosities
  2 hellephants
  2 Ice Fiends (IceCv)
  6 liches
  3 titans
  Asterion (Spider:2)
  2 walking earthen tomes (Depths:4)
  25 Orb Guardians
  2 walking frostbound tomes (Depths:3)
  10 sphinxes
  9 quicksilver dragons
  A kraken (Shoals:2)
  A tentacled starspawn (Abyss:2)
  An ancient champion (Vaults:3)
  An Executioner (Zot:5)
  13 tengu reavers
  Donald (Spider:1)
  14 shadow dragons
  A death cob (Zot:1)
  7 storm dragons
  Aizul (Depths:2)
  A nagaraja (Vaults:4)
  A draconian monk (Zot:1)
  Ilsuiw (Shoals:4)
  3 draconian knights
  A balrug (Depths:4)
  8 frost giants
  21 vault wardens
  An iron dragon (Vaults:5)
  15 fire giants
  2 deep elf sorcerers
  2 imperial myrmidons (Desolation)
  4 ghost moths (Spider:4)
  A draconian shifter (Zot:5)
  Louise (Depths:2)
  3 draconian scorchers
  3 broodmothers
  8 emperor scorpions
  28 ironbound preservers
  4 orc warlords
  A spriggan defender (Depths:4)
  23 stone giants
  26 very ugly things
  5 draconian annihilators
  A juggernaut zombie (Depths:1)
  4 vampire knights
  3 reapers
  3 formless jellyfish (Vaults:3)
  A war gargoyle (Vaults:5)
  2 deep elf demonologists (Vaults:5)
  7 ironbound thunderhulks
  5 green draconians
  2 black draconians
  7 purple draconians
  12 dire elephants
  2 yellow draconians
  2 deep elf annihilators
  9 spark wasps
  A minotaur (Gauntlet)
  A halazid warlock (Desolation)
  A dire elephant (shapeshifter) (Vaults:5)
  A white draconian (Zot:5)
  3 deep elf death magi
  4 crystal guardians
  An ettin (shapeshifter) (Depths:1)
  9 ettins
  6 merfolk javelineers
  A jiangshi (Vaults:3)
  5 fire dragons
  5 entropy weavers
  8 merfolk impalers
  16 yaktaur captains
  An entropy weaver (shapeshifter) (Lair:5)
  A hydra (shapeshifter) (Vaults:5)
  8 great orbs of eyes
  6 hydras
  15 ragged hierophants (Desolation)
  4 deep elf high priests
  Harold (Lair:1)
  3 jorogumos
  4 rakshasas (Depths:2)
  10 servants of whispers (Desolation)
  9 ice dragons
  4 merfolk avatars
  53 vault guards
  2 catoblepae
  9 peacekeepers
  Erica (D:8)
  An ogre mage (Vaults:5)
  A sphinx zombie (Depths:2)
  8 ironbound frosthearts
  3 alligator snapping turtles
  4 merfolk aquamancers
  4 boulder beetles
  7 centaur warriors
  A satyr (Shoals:4)
  4 spriggan air magi
  9 tengu warriors
  12 deep troll earth magi
  A two-headed ogre (shapeshifter) (Vaults:4)
  8 two-headed ogres
  4 vampire magi
  A death yak (shapeshifter) (Vaults:5)
  6 spriggan berserkers
  11 deep troll shamans
  Urug (Orc:1)
  6 thrashing horrors
  16 hell knights
  3 death yaks (Lair:3)
  4 demonic crawlers
  3 orc high priests (Orc:2)
  A sun demon (D:13)
  5 soul eaters
  2 wretched stars (Abyss:2)
  2 salamander mystics (WizLab)
  6 skeletal warriors
  2 shadow demons
  A quicksilver dragon simulacrum (Depths:2)
  4 shadow wraiths (D:13)
  4 skysharks
  8 iron trolls
  A golden dragon zombie (Depths:2)
  18 sea snakes
  4 pharaoh ants
  6 glowing orange brains
  3 sun moths
  A bog body (IceCv)
  80 deep trolls
  A bunyip skeleton (Abyss:2)
  6 wizards
  A swamp dragon (Vaults:4)
  A sea snake (shapeshifter) (Vaults:5)
  12 orb spiders
  2 obsidian statues
  An orange crystal statue (IceCv)
  2 wolf spider zombies (D:13)
  7 steelbarb worms
  A deep elf zephyrmancer (Vaults:4)
  3 phantasmal warriors
  14 necromancers
  2 steelbarb worms (shapeshifter) (Vaults:5)
  A glowing orange brain (shapeshifter) (Vaults:5)
  4 spriggan simulacra (IceCv)
  21 harpies
  A lindwurm (Vaults:3)
  19 ironbound convokers
  3 orc sorcerers
  13 orc knights
  3 deep elf pyromancers
  16 wolf spiders
  55 ugly things
  A frost giant zombie (Depths:1)
  2 human zombies (Vaults:4)
  3 mana vipers (WizLab)
  7 cyclopes
  8 fauns
  17 manticores
  2 worldbinders (Abyss:2)
  6 spectral centaurs (D:13)
  16 moths of wrath
  2 black mambas
  12 merfolk sirens
  2 ice statues (Shoals:1)
  A fire giant skeleton (Depths:1)
  2 water nymphs (shapeshifter) (Vaults:5)
  A stone giant skeleton (Depths:2)
  19 vault sentinels
  3 naga magi (WizLab)
  6 water nymphs
  2 centaur zombies (D:13)
  2 gargoyles (Gauntlet)
  6 centaur skeletons (D:13)
  14 cane toads
  An eye of devastation (Depths:3)
  A molten gargoyle (Desolation)
  5 smoke demons
  Maggie (D:7)
  A hellion (Depths:2)
  A redback zombie (D:13)
  6 torpor snails
  A yaktaur (shapeshifter) (Depths:2)
  2 orange demons
  9 freezing wraiths
  2 rime drakes
  An anaconda simulacrum (IceCv)
  10 komodo dragons
  42 yaktaurs
  6 tengu conjurers
  12 trolls
  4 ice devils (IceCv)
  2 tormentors (D:13)
  2 red devils (Depths:2)
  3 hellwings
  3 wind drakes
  24 merfolk
  6 meliai
  24 tarantellas
  5 hornets
  7 snapping turtles
  8 dream sheep
  36 blink frogs
  78 saltlings (Desolation)
  2 alligator simulacra (IceCv)
  6 raiju
  A blink frog (shapeshifter) (Lair:5)
  41 slime creatures
  A spectral meliai (D:13)
  34 jumping spiders
  Sigmund (D:5)
  28 culicivoras
  4 centaur simulacra (D:13)
  21 water elementals
  2 ynoxinuls (Lair:5)
  6 spriggans
  7 wyverns
  A vampire (D:11)
  49 yaks
  A jumping spider (shapeshifter) (D:15)
  4 wraiths
  3 dire elephant simulacra (IceCv)
  4 fire bats (Abyss:2)
  9 basilisks
  A golden eye (shapeshifter) (Vaults:5)
  68 redbacks
  3 chaos spawn
  2 minotaur simulacra (IceCv)
  3 steam dragons
  7 vampire mosquitoes
  18 starcursed masses (Abyss:2)
  A redback (shapeshifter) (Depths:4)
  A harpy simulacrum (IceCv)
  3 wargs
  8 small abominations (Lair:5)
  Duvessa (D:7)
  8 water moccasins
  2 acid dragons
  9 large abominations
  4 floating eyes
  2 meliai simulacra (D:13)
  42 orc warriors
  A sky beast (D:6)
  2 ice beasts (D:5)
  2 black bears
  7 ogres
  8 wolves
  12 centaurs
  3 kobold brigands
  20 bullfrogs
  3 deep troll simulacra (IceCv)
  14 wights
  2 scorpions
  Dowan (D:7)
  27 killer bees
  A lindwurm simulacrum (IceCv)
  2 howler monkeys
  A lava snake (D:11)
  4 quasits (Abyss:2)
  2 hounds
  A jelly (D:6)
  14 orc priests
  2 spectral boggarts (D:13)
  A gnoll bouda (D:8)
  2 sleepcaps
  3 iguanas
  29 orc wizards
  A boggart zombie (D:13)
  3 human simulacra
  9 adders
  4 gnolls
  3 shadow imps
  A white imp (D:8)
  3 ufetubi
  2 dart slugs
  A worm (D:2)
  94 orcs
  4 ball pythons
  An endoplasm (D:4)
  2 giant cockroaches
  8 goblins
  3 hobgoblins (D:1)
  4 jackals (D:1)
  16 kobolds
  6 quokkas
  5 bats
  4 frilled lizards
  6 rats
  A tentacle (Shoals:2)
2206 creatures vanquished.

Vanquished Creatures (collateral kills)
  A merfolk impaler (Shoals:3)
  An ogre mage (WizLab)
  A wizard (WizLab)
  A mana viper (WizLab)
  A manticore (Shoals:3)
  2 water nymphs (Shoals:3)
  4 merfolk (Shoals:3)
  A wind drake (Shoals:3)
12 creatures vanquished.

Vanquished Creatures (others)
  A golden dragon (Zot:5)
  A fire giant (Vaults:4)
  An ironbound preserver (Vaults:1)
  A shadow wraith (Vaults:5)
  A wizard (Vaults:4)
  A merfolk siren (Shoals:2)
  A culicivora (Spider:3)
  A steam dragon (D:8)
  An orc wizard (Vaults:5)
  8 starspawn tentacles (Abyss:2)
  4 tentacles (Shoals:2)
21 creatures vanquished.

Grand Total: 2239 creatures vanquished

Notes
Turn   | Place    | Note
-------+----------+-------------------------------------------
     0 | D:1      | Flugkiller the Draconian Berserker began the quest for the
                  | Orb.
     0 | D:1      | Reached XP level 1. HP: 19/19 MP: 1/1
   228 | D:1      | Reached XP level 2. HP: 26/26 MP: 2/2
   495 | D:1      | Reached ** piety under Trog
   671 | D:2      | Reached XP level 3. HP: 19/33 MP: 3/3
   721 | D:2      | Found a glowing golden altar of the Shining One.
  1554 | D:3      | Found a shimmering blue altar of Sif Muna.
  1561 | D:3      | Found an ancient bone altar of Kikubaaqudgha.
  1572 | D:3      | Found a blossoming altar of Fedhas.
  1734 | D:3      | Found the +1 Delatra's gloves {ID++}
  1754 | D:3      | Reached XP level 4. HP: 26/40 MP: 4/4
  2069 | D:3      | Reached skill level 1 in Shapeshifting
  2085 | D:3      | Reached XP level 5. HP: 41/47 MP: 5/5
  2243 | D:4      | Noticed an ogre
  2250 | D:4      | Killed an ogre
  2348 | D:4      | Reached skill level 5 in Fighting
  2348 | D:4      | Reached XP level 6. HP: 48/56 MP: 6/6
  2659 | D:4      | Reached *** piety under Trog
  2682 | D:4      | Found a staircase to the Ecumenical Temple.
  2800 | D:4      | Reached skill level 5 in Unarmed Combat
  2800 | D:4      | Reached skill level 2 in Shapeshifting
  3101 | D:5      | Entered Level 5 of the Dungeon
  3101 | D:5      | Noticed an ice beast
  3118 | D:5      | Killed an ice beast
  3119 | D:5      | Your scales start taking on a golden yellow colour.
  3119 | D:5      | Reached XP level 7. HP: 57/62 MP: 7/7
  3119 | D:5      | Gained mutation: You are resistant to acid. (rCorr) [Yellow
                  | Draconian growth]
  3343 | D:5      | Noticed Sigmund
  3347 | D:5      | Killed Sigmund
  3509 | D:5      | Found a broken altar of Ashenzari.
  3629 | D:5      | Reached XP level 8. HP: 61/71 MP: 8/8
  3683 | D:5      | Found a white marble altar of Elyvilon.
  3691 | D:5      | Reached skill level 3 in Shapeshifting
  4320 | D:6      | Found an opulent altar of Gozag.
  4475 | D:6      | Reached skill level 5 in Dodging
  4911 | D:7      | Reached XP level 9. HP: 62/81 MP: 9/9
  4949 | D:7      | Reached skill level 4 in Shapeshifting
  5037 | D:7      | Noticed Maggie
  5046 | D:7      | Killed Maggie
  5098 | D:7      | Noticed Jeremiah
  5473 | D:7      | Noticed Dowan
  5474 | D:7      | Noticed Duvessa
  5503 | D:7      | Killed Duvessa
  5506 | D:7      | Killed Dowan
  5662 | D:7      | Found a runed translucent door.
  5663 | D:7      | Noticed Crazy Yiuf
  5958 | D:8      | Noticed Erica
  5964 | D:8      | Noticed a two-headed ogre
  5976 | D:8      | Killed Erica
  5977 | D:8      | Reached XP level 10. HP: 72/93 MP: 10/10
  5982 | D:8      | Killed a two-headed ogre
  5983 | D:8      | Reached skill level 10 in Fighting
  5983 | D:8      | Reached skill level 5 in Shapeshifting
  6185 | D:8      | Noticed a two-headed ogre
  6191 | D:8      | Killed a two-headed ogre
  6243 | D:8      | Noticed a centaur warrior
  6248 | D:8      | Noticed a manticore
  6251 | D:8      | Killed a centaur warrior
  6256 | D:8      | Noticed a centaur warrior
  6275 | D:8      | HP: 4/94 [centaur warrior/staff of earth (12)]
  6279 | D:8      | Killed a centaur warrior
  6280 | D:8      | Reached skill level 10 in Unarmed Combat
  6287 | D:8      | Killed a manticore
  6485 | D:8      | Found Tommisent's Magic Scroll Emporium.
  6490 | D:8      | Bought a scroll of fear for 60 gold pieces
  6535 | D:8      | Reached **** piety under Trog
  6606 | D:8      | Identified the +0 pair of gloves "Qaogah" {Str+5}
  6640 | D:8      | Reached skill level 6 in Shapeshifting
  6655 | D:8      | Reached XP level 11. HP: 66/102 MP: 11/11
  6771 | D:8      | Noticed a two-headed ogre
  6780 | D:8      | Killed a two-headed ogre
  7220 | D:8      | Paralysed by a hornet for 1 turns
  8441 | D:9      | Found Nuelunaq's Jewellery Shop.
  8627 | D:10     | Entered Level 10 of the Dungeon
  8891 | D:10     | Noticed a two-headed ogre
  8898 | D:10     | Killed a two-headed ogre
  9052 | D:10     | Noticed a two-headed ogre
  9061 | D:10     | Killed a two-headed ogre
  9150 | D:10     | Reached skill level 7 in Shapeshifting
  9241 | D:10     | Identified 2 scrolls of acquirement
  9241 | D:10     | Acquired an amulet of reflection
  9243 | D:10     | Acquired the +2 cloak "Racew" {Str+5 Dex+4}
  9363 | D:10     | Found a staircase to the Lair.
  9859 | D:11     | Noticed a boulder beetle
 10111 | D:10     | Killed a boulder beetle
 10142 | D:11     | Reached XP level 12. HP: 88/113 MP: 12/12
 10652 | D:11     | Reached skill level 8 in Shapeshifting
 10694 | D:11     | Found a staircase to the Orcish Mines.
 10867 | Lair:1   | Entered Level 1 of the Lair of Beasts
 11047 | Lair:1   | Reached ***** piety under Trog
 11439 | Lair:1   | Reached skill level 9 in Shapeshifting
 12017 | Lair:2   | Noticed Harold
 12030 | Lair:1   | Killed Harold
 12246 | Lair:2   | Noticed a four-headed hydra
 12256 | Lair:2   | Killed a four-headed hydra
 12266 | Lair:2   | Reached XP level 13. HP: 123/123 MP: 13/13
 12463 | Lair:2   | Found a hole to the Spider Nest.
 12479 | Lair:2   | Reached skill level 10 in Shapeshifting
 13150 | Lair:3   | Received a gift from Trog
 13226 | Lair:3   | Reached skill level 1 in Shields
 14777 | Lair:4   | Reached skill level 11 in Shapeshifting
 15219 | Lair:5   | Entered Level 5 of the Lair of Beasts
 15407 | Lair:5   | Received a gift from Trog
 15609 | Lair:5   | Reached skill level 10 in Dodging
 15610 | Lair:5   | Found a staircase to the Slime Pits.
 15610 | Lair:5   | Found a viscous altar of Jiyva.
 15677 | Lair:5   | Gained mutation: You have acidic saliva. [Yellow Draconian
                  | growth]
 15677 | Lair:5   | Reached XP level 14. HP: 133/133 MP: 14/14
 15823 | Lair:5   | Found a corrupted altar of Lugonu.
 15823 | Lair:5   | Found a one-way gate to the infinite horrors of the Abyss.
 16593 | D:12     | Acquired a +5 ring of evasion
 16616 | D:12     | Found a bloodstained altar of Trog.
 16616 | D:12     | Noticed inmateoo's ghost (journeyman MiFi)
 16625 | D:12     | Found a transporter.
 16644 | D:12     | Found a transporter.
 16685 | D:12     | Found a gate leading to a gauntlet.
 16699 | Gauntlet | Entered a Gauntlet
 16699 | Gauntlet | Found a transporter.
 16699 | Gauntlet | Found a transporter.
 16705 | Gauntlet | Found a transporter.
 16706 | Gauntlet | Found a runed translucent door.
 16706 | Gauntlet | Found a runed translucent door.
 16718 | Gauntlet | Found a transporter.
 16735 | Gauntlet | Found a transporter.
 16736 | Gauntlet | Found a transporter.
 16736 | Gauntlet | Found a transporter.
 16738 | Gauntlet | Found a transporter.
 16738 | Gauntlet | Found a transporter.
 16747 | Gauntlet | Noticed a reaper
 16753 | Gauntlet | Found a transporter.
 16766 | Gauntlet | Found a transporter.
 16776 | Gauntlet | Found a transporter.
 16781 | Gauntlet | Found a transporter.
 16814 | Gauntlet | Found a transporter.
 16854 | Gauntlet | Received a gift from Trog
 16855 | Gauntlet | Reached skill level 12 in Shapeshifting
 16957 | Gauntlet | Identified the ring of Rasaev {Wiz rCorr MP+9 Str+3}
 16959 | Gauntlet | Identified the -1 helmet of Greater Demons {+Inv MP+9 Str-2
                  | SInv}
 17021 | Gauntlet | Reached skill level 5 in Shields
 17037 | Gauntlet | Identified the ring of Bipua {Fire rN++}
 17056 | Gauntlet | Found the +8 Vampire's Tooth {megavamp}
 17056 | Gauntlet | Identified the +6 glaive "Killer Bee's Death" {heavy, rCorr
                  | Str+2}
 17100 | Gauntlet | Identified the +1 robe of Failure {Rampage Str+3 Int+3}
 17365 | D:13     | Found Guto Ryt's Jewellery Emporium.
 17511 | D:13     | Reached skill level 15 in Fighting
 17642 | D:13     | Found a gate to the Vaults.
 17780 | D:13     | Found an ancient bone altar of Kikubaaqudgha.
 17780 | D:13     | Noticed a reaper
 17789 | D:13     | Killed a reaper
 17851 | D:13     | Reached XP level 15. HP: 130/141 MP: 12/15
 17858 | D:13     | Reached skill level 13 in Shapeshifting
 17945 | D:13     | Received a gift from Trog
 19767 | D:14     | Reached skill level 14 in Shapeshifting
 19789 | D:15     | Entered Level 15 of the Dungeon
 20605 | D:15     | Found a staircase to the Depths.
 20639 | D:15     | Reached XP level 16. HP: 151/151 MP: 16/16
 20878 | Orc:1    | Entered Level 1 of the Orcish Mines
 20881 | Orc:1    | Noticed Urug
 20891 | Orc:1    | Killed Urug
 20967 | Orc:2    | Entered Level 2 of the Orcish Mines
 20995 | Orc:2    | Received a gift from Trog
 21010 | Orc:2    | Found a staircase to the Elven Halls.
 21117 | Orc:2    | Reached skill level 15 in Unarmed Combat
 21234 | Orc:2    | Reached ****** piety under Trog
 21465 | Orc:2    | Found Fotatwi's Weapon Shop.
 21654 | Orc:2    | Received a gift from Trog
 21718 | Orc:2    | Found Hussuv's Antique Armour Emporium.
 21829 | Orc:2    | Found Kump's Book Boutique.
 21948 | Orc:2    | Found Ekhliang's Antique Armour Shop.
 21950 | Orc:2    | Found Otsusot's Antique Weapon Boutique.
 21969 | Orc:2    | Bought a pair of glimmering boots for 161 gold pieces
 21969 | Orc:2    | Identified the +0 pair of boots "Geemeliq" {rElec rN+ SInv}
                  | (You bought it in a shop on level 2 of the Orcish Mines)
 22305 | Spider:1 | Entered Level 1 of the Spider Nest
 22321 | Spider:1 | Identified the +3 kite shield "Mug Ytuleux" {*Corrode Str+4
                  | Dex+4}
 22321 | Spider:1 | Noticed Donald
 22334 | Spider:1 | Killed Donald
 22454 | Spider:1 | Reached skill level 15 in Shapeshifting
 23119 | Spider:2 | Received a gift from Trog
 23435 | Spider:2 | Noticed Asterion
 23447 | Spider:2 | Killed Asterion
 24007 | Spider:3 | Noticed Bai Suzhen
 24028 | Spider:3 | Killed Bai Suzhen
 24162 | Spider:3 | Received a gift from Trog
 24265 | Spider:3 | Reached skill level 16 in Shapeshifting
 24270 | Spider:3 | Reached XP level 17. HP: 129/161 MP: 17/17
 25033 | Spider:4 | Entered Level 4 of the Spider Nest
 25719 | Spider:4 | Reached skill level 1 in Evocations
 25865 | Spider:4 | Received a gift from Trog
 26056 | Spider:4 | Reached skill level 5 in Evocations
 26483 | Spider:4 | Got a gossamer rune of Zot
 26762 | Shoals:1 | Entered Level 1 of the Shoals
 26818 | Shoals:1 | Found a frozen archway.
 26882 | IceCv    | Entered an ice cave
 27172 | IceCv    | Noticed an Ice Fiend
 27181 | IceCv    | Killed an Ice Fiend
 27181 | IceCv    | Received a gift from Trog
 27185 | IceCv    | Noticed an Ice Fiend
 27188 | IceCv    | Killed an Ice Fiend
 27705 | Shoals:1 | Found Cydush's Island Escapes.
 27828 | Shoals:1 | Reached skill level 10 in Evocations
 28137 | Shoals:2 | Reached XP level 18. HP: 139/170 MP: 18/18
 28230 | Shoals:2 | Paralysed by a great orb of eyes for 2 turns
 28306 | Abyss:2  | Cast into level 2 of the Abyss (merfolk impaler)
 28367 | Abyss:2  | Found a corrupted altar of Lugonu.
 28413 | Abyss:2  | Noticed a hellephant
 28438 | Abyss:2  | Killed a hellephant
 28539 | Abyss:2  | Found a shimmering altar of Xom.
 28539 | Abyss:2  | Found a shimmering altar of Xom.
 28567 | Abyss:2  | Found a shimmering altar of Xom.
 28567 | Abyss:2  | Found a shimmering altar of Xom.
 28567 | Abyss:2  | Found a shimmering altar of Xom.
 28585 | Shoals:2 | Escaped the Abyss
 28648 | Shoals:2 | Received a gift from Trog
 28649 | Shoals:2 | Found Huastrept's Weapon Boutique.
 28744 | Shoals:2 | Found Qontef's Antique Weapon Boutique.
 28881 | Shoals:2 | Found Kapt's Antique Armour Boutique.
 28893 | Shoals:2 | Bought a pair of scorched boots for 266 gold pieces
 28893 | Shoals:2 | Identified the +4 pair of boots of the Doldrums {Rampage
                  | rPois rF+++ Will-} (You bought it in a shop on level 2 of
                  | the Shoals)
 29740 | Shoals:4 | Entered Level 4 of the Shoals
 29749 | Shoals:4 | Reached skill level 17 in Shapeshifting
 29799 | Shoals:4 | Noticed Ilsuiw
 29861 | Shoals:4 | Killed Ilsuiw
 29926 | Shoals:4 | Identified the +8 battleaxe of Sudoasu {protect, rPois
                  | rN+++ Will- Str+3 Int+3}
 29951 | Shoals:4 | Received a gift from Trog
 30208 | Shoals:4 | Identified the +1 dagger "Wuusawue" {flame, rElec Int+5
                  | Dex-4}
 30317 | Shoals:4 | Reached XP level 19. HP: 131/180 MP: 19/19
 30329 | Shoals:4 | Got a barnacled rune of Zot
 30579 | Shoals:4 | Received a gift from Trog
 30948 | Vaults:1 | Entered Level 1 of the Vaults
 31221 | Vaults:1 | Found a magical portal.
 31237 | WizLab   | Entered Yara's Duelist Academy
 31417 | WizLab   | Noticed Ixeir
 31423 | WizLab   | Killed Ixeir the Head Instructor
 31433 | WizLab   | Identified the ring "Nekkaom" {Will++ EV+5 Int+3 Dex+4}
 31503 | WizLab   | Received a gift from Trog
 31893 | Vaults:1 | Identified the +11 rapier of Eternal Vigilance {speed, rF+
                  | rC+ MP+9}
 32014 | Vaults:1 | Reached skill level 15 in Dodging
 32527 | Vaults:1 | Received a gift from Trog
 32881 | Vaults:2 | Reached skill level 18 in Shapeshifting
 32970 | Vaults:2 | Reached XP level 20. HP: 192/192 MP: 20/20
 33102 | Vaults:2 | Identified the +3 longbow "Transmigrator" {flame, Will+}
 33247 | Vaults:2 | Received a gift from Trog
 33738 | Vaults:3 | Found a crumbling gateway.
 33747 | Desolati | Entered the Desolation of Salt
 33852 | Desolati | Identified the +9 sling of Checks and Balances {flame,
                  | Int+4}
 33852 | Desolati | Identified the ring of the Distant Future {rN+ Will+ rCorr
                  | Dex-4 Stlth+}
 34103 | Desolati | Identified the ring "Banleell" {rElec rF+ Will+}
 34309 | Desolati | Identified the amulet of Ile Gab {Spirit rElec Will- Str+5
                  | Int+4}
 34329 | Desolati | Identified the ring of Democracy {*Corrode rPois Will+
                  | Dex+2}
 34385 | Desolati | Identified the +2 longbow "Tehakkys" {freeze, rElec rC+++
                  | Int-3 Stlth+}
 34449 | Desolati | Identified the +8 great sword of the Wolf {flame, rC+ Int+3
                  | SInv}
 34461 | Desolati | Found the +4 skin of Zhor {*Englaciate rC+++ SInv}
 34799 | Vaults:3 | Noticed Saint Roka
 34838 | Vaults:3 | Killed Saint Roka
 35033 | Vaults:3 | Received a gift from Trog
 35178 | Vaults:3 | Reached skill level 19 in Shapeshifting
 35472 | Vaults:3 | Reached XP level 21. HP: 201/201 MP: 21/21
 35572 | Vaults:3 | Found a staircase to the Crypt.
 35992 | Vaults:4 | Noticed Sojobo
 35997 | Vaults:4 | Killed Sojobo
 36019 | Vaults:4 | Received a gift from Trog
 36385 | Vaults:4 | Noticed Jory
 36393 | Vaults:4 | Killed Jory
 36625 | Vaults:4 | Received a gift from Trog
 36771 | Vaults:4 | Noticed a dread lich
 36782 | Vaults:4 | Killed a dread lich
 36800 | Vaults:4 | Reached skill level 20 in Shapeshifting
 36823 | Vaults:4 | Paralysed by a floating eye for 3 turns
 36868 | Vaults:4 | Received a gift from Trog
 37241 | Vaults:5 | Entered Level 5 of the Vaults
 37278 | Vaults:5 | Reached XP level 22. HP: 209/209 MP: 22/22
 37355 | Vaults:5 | Identified the +4 great sword of In Flagrante Delicto
                  | {heavy, Str+3 Int+2}
 37423 | Vaults:5 | Received a gift from Trog
 37516 | Vaults:5 | Reached skill level 21 in Shapeshifting
 37675 | Vaults:5 | Identified the +3 ring mail of Discretion {Harm Dex+3 SInv}
 37687 | Vaults:5 | Noticed a golden dragon
 37739 | Vaults:5 | Received a gift from Trog
 37768 | Vaults:5 | Killed a golden dragon
 37803 | Vaults:5 | Reached skill level 22 in Shapeshifting
 37948 | Vaults:5 | Acquired 796 gold pieces
 38045 | Vaults:5 | Identified the +10 sling of Hurting Execution {heavy, rN+
                  | rCorr MP+9 Str-3}
 38115 | Vaults:5 | Received a gift from Trog
 38209 | Vaults:5 | Noticed an ancient lich
 38214 | Vaults:5 | Killed an ancient lich
 38267 | Vaults:5 | Got a silver rune of Zot
 38368 | Vaults:5 | Reached skill level 23 in Shapeshifting
 38635 | Vaults:5 | Found Alagis's Distillery.
 38643 | Vaults:5 | Bought a potion of mutation for 120 gold pieces
 38683 | Vaults:5 | Found Halih's Distillery.
 38687 | Vaults:5 | Bought a potion of mutation for 96 gold pieces
 38687 | Vaults:5 | Bought a potion of haste for 120 gold pieces
 38687 | Vaults:5 | Bought a potion of might for 48 gold pieces
 38778 | Vaults:5 | Bought a potion of might for 60 gold pieces
 38778 | Vaults:5 | Bought a potion of invisibility for 120 gold pieces
 38778 | Vaults:5 | Bought a potion of curing for 45 gold pieces
 38778 | Vaults:5 | Bought a potion of curing for 45 gold pieces
 38795 | Vaults:5 | Noticed an ancient lich
 38813 | Vaults:5 | Killed an ancient lich
 38994 | Vaults:3 | Reached XP level 23. HP: 215/215 MP: 23/23
 39229 | Depths:1 | Entered Level 1 of the Depths
 39478 | Depths:1 | Found Yclaokla's Magic Scroll Emporium.
 39480 | Depths:1 | Found Axzephex's General Store.
 39483 | Depths:1 | Found Fouhar's Antique Weapon Emporium.
 39486 | Depths:1 | Bought a scroll of fear for 68 gold pieces
 39486 | Depths:1 | Bought a scroll of fear for 68 gold pieces
 39486 | Depths:1 | Bought a scroll of revelation for 127 gold pieces
 39553 | Depths:1 | Found an iron altar of Okawaru.
 39792 | Depths:1 | Found Saum's Jewellery Shop.
 39800 | Depths:1 | Bought the amulet of Xireinou {rC+ Regen+} for 924 gold
                  | pieces
 39858 | Depths:1 | Received a gift from Trog
 40031 | Depths:1 | Found the ring of the Hare {EV+10}
 40289 | Depths:1 | Found a gateway to Hell.
 40389 | Depths:2 | Reached skill level 24 in Shapeshifting
 40430 | Depths:2 | Noticed Louise
 40442 | Depths:2 | Killed Louise
 40733 | Depths:2 | Received a gift from Trog
 40932 | Depths:2 | Reached skill level 25 in Shapeshifting
 41157 | Depths:2 | Noticed Aizul
 41164 | Depths:2 | Killed Aizul
 41229 | Depths:2 | Received a gift from Trog
 41420 | Depths:2 | Acquired a manual of Shields
 41502 | Depths:2 | Found a one-way gate leading to the halls of Pandemonium.
 41883 | Depths:3 | Reached XP level 24. HP: 209/209 MP: 23/23
 42064 | Depths:3 | Found a one-way gateway to a ziggurat.
 42068 | Depths:3 | Paralysed by a floating eye for 3 turns
 42073 | Depths:3 | Paralysed by a floating eye for 4 turns
 42279 | Depths:3 | You are sucked into a shaft and drop 1 floor!
 42279 | Depths:4 | Entered Level 4 of the Depths
 42288 | Depths:4 | Received a gift from Trog
 42291 | Depths:4 | Reached skill level 26 in Shapeshifting
 42447 | Depths:4 | Found a gate to the Realm of Zot.
 42611 | Depths:4 | Noticed a juggernaut
 42617 | Depths:4 | Killed a juggernaut
 42800 | Depths:4 | Found Qiusk's Distillery.
 42807 | Depths:4 | Bought a potion of heal wounds for 50 gold pieces
 42807 | Depths:4 | Bought a potion of heal wounds for 50 gold pieces
 42807 | Depths:4 | Bought a potion of heal wounds for 50 gold pieces
 42807 | Depths:4 | Bought 2 potions of cancellation for 160 gold pieces
 42986 | Depths:4 | Found Orhiw's Magic Scroll Shoppe.
 43003 | Depths:4 | Bought a scroll of revelation for 127 gold pieces
 43003 | Depths:4 | Bought a scroll of fear for 68 gold pieces
 43003 | Depths:4 | Bought a scroll of fear for 68 gold pieces
 43003 | Depths:4 | Bought a scroll of blinking for 127 gold pieces
 43044 | Depths:4 | Found Gupesez's Antique Armour Shoppe.
 43126 | Depths:4 | Noticed a juggernaut
 43131 | Depths:4 | Killed a juggernaut
 43132 | Depths:4 | Reached skill level 27 in Shapeshifting
 43493 | Depths:4 | Found Yjiatyu's Jewellery Boutique.
 43756 | Depths:3 | Found Keomm's Weapon Shoppe.
 43847 | Depths:3 | Received a gift from Trog
 44038 | Depths:3 | Noticed a juggernaut
 44048 | Depths:3 | Killed a juggernaut
 44192 | Depths:3 | Identified the +0 scale mail "Xoinnol" {-Tele Str-4 Int+8}
 44346 | Zot:1    | Entered Level 1 of the Realm of Zot
 44504 | Zot:1    | Noticed a dread lich
 44514 | Zot:1    | Killed a dread lich
 44839 | Zot:5    | Entered Level 5 of the Realm of Zot
 44852 | Zot:5    | Reached XP level 25. HP: 235/235 MP: 23/23
 45403 | Zot:5    | Received a gift from Trog
 45491 | Zot:5    | Noticed a Killer Klown
 45496 | Zot:5    | Noticed a dread lich
 45686 | Zot:5    | Killed a Killer Klown
 45855 | Zot:5    | Killed a dread lich
 46093 | Zot:5    | Noticed a Killer Klown
 46094 | Zot:5    | Noticed an orb of fire
 46104 | Zot:5    | Killed a Killer Klown
 46105 | Zot:5    | Gained mutation: You are dopey. (Int -2) [an orb of fire]
 46107 | Zot:5    | Killed an orb of fire
 46108 | Zot:5    | Noticed a dread lich
 46117 | Zot:5    | Killed a dread lich
 46118 | Zot:5    | Noticed an orb of fire
 46121 | Zot:5    | Noticed a Killer Klown
 46128 | Zot:5    | Killed an orb of fire
 46136 | Zot:5    | Killed a Killer Klown
 46219 | Zot:5    | Noticed a Killer Klown
 46220 | Zot:5    | Noticed a Killer Klown
 46222 | Zot:5    | Noticed an orb of fire
 46229 | Zot:5    | Killed an orb of fire
 46232 | Zot:5    | Noticed an orb of fire
 46235 | Zot:5    | Killed a Killer Klown
 46239 | Zot:5    | Noticed a Killer Klown
 46245 | Zot:5    | Killed a Killer Klown
 46247 | Zot:5    | Noticed an orb of fire
 46255 | Zot:5    | Killed an orb of fire
 46275 | Zot:5    | Received a gift from Trog
 46286 | Zot:5    | Gained mutation: You are frail. (-10% HP) [an orb of fire]
 46292 | Zot:5    | Killed an orb of fire
 46301 | Zot:5    | Noticed an ancient lich
 46616 | Zot:5    | Killed an ancient lich
 46740 | Zot:5    | Got the Orb of Zot
 47191 | D:13     | Noticed Toehun the pandemonium lord
 47200 | D:13     | Killed Toehun the pandemonium lord
 47437 | D:1      | gg
 47438 | D:$      | Escaped with the Orb!

Illustrated notes

........................#........
............#####..######.#####..
#######.###.# #..# #.#...... #
##.##..## #..######.#.###.. #
#..#....####............†..) #
#......................###.# #
#..#####.#####.#####.### #.# #
#..#...#.#...#.# #.# #.# #
#..#...#.'.D.#.# #.# #.# #
##.#...#.#...#.# ###.#####.# #
#.##'##.#####.# #.......... #
#.............# #.######### #
#.#####.##'##.# #.#
#######.#...#.#...#.# #.#
........#.>.'.#...#.###.######
######..#...#.#...#..........# #
##.#####.#####..#######.#


Turn 47437 on D:1: gg

Levels and vault maps discovered:
D:1:      minmay_arrival_four_houses, layout_loops_ring
D:2:      layout_loops_ring, basic_altar, minmay_misc_feat_encased,
          corexii_hall_statues_l
D:3:      layout_loops_ring, grunt_temple_overflow_open,
          pf_guarded_unrand_delatra
D:4:      layout_basic, minmay_temple_entry_oklob, kennysheep_donut
D:5:      layout_loops_ring, kennysheep_mini, old_standard_altar, uniq_sigmund
D:6:      layout_basic, mainiacjoe_overflow_six_doors_small, minmay_microvault
D:7:      minmay_angry_zag, layout_loops_ring, uniq_jeremiah, uniq_duvessa,
          uniq_maggie, uniq_crazy_yiuf_cottage
D:8:      minmay_the_grid_plus_closed [minmay_the_grid_plusring,
          minmay_the_grid_minigrid_small_alt, minmay_the_grid_doors,
          minmay_the_grid_embedded,
          minmay_the_grid_prize_four_corners_diamond_b], layout_loops_ring,
          serial_shops, nicolae_square_shop, uniq_erica
D:9:      layout_loops_corners, minmay_shop_enchanted_jewellery,
          kennysheep_generic_room_3
D:10:     layout_basic, lair_entry_dummy, bh_circular_ruins
D:11:     layout_rooms, david_orc_4, nicolae_lava_and_water
D:12:     layout_rooms, gauntlet_entry_generic,
          gammafunk_ghost_wrathful_warriors
D:13:     evilmike_negative_zone, layout_gridville, erik_vaults_2, serial_glass,
          glass_columns_b, glass_columns_a, glass_columns_a, glass_columns_a,
          glass_columns_a, serial_shops, nicolae_diamond_shop,
          kennysheep_generic_room_9
D:14:     layout_loops_ring, infiniplex_staircase_split_hallway
D:15:     grunt_enter_depths_snipers, layout_loops_corners
Lair:1:   layout_big_grid, lemuel_fruit_tree
Lair:2:   layout_cave_pods, spider_nest_entry_a, uniq_harold
Lair:3:   layout_cave_pods, nicolae_shoals_entry_flooding
Lair:4:   layout_loops_ring
Lair:5:   hellmonk_lair_end_abyssal_woods, layout_regular_city, slime_entry_1
Shoals:1: layout_shoals, portal_ice_cave_entry_ice_statue_two,
          nicolae_island_escapes
Shoals:2: dreamdust_from_the_deep, layout_shoals, serial_shops,
          nicolae_shop_tiny_waterfront, nicolae_shop_advertising_works
          [nicolae_subvault_shop_adworks], nicolae_shop_pleasant_corner_grove
Shoals:3: layout_shoals
Shoals:4: shoals_end_grunt_ice, layout_shoals, shoals_ilsuiw_alternative
Spider:1: layout_spider_delve, uniq_donald
Spider:2: layout_spider_delve, uniq_asterion
Spider:3: layout_spider_delve, uniq_bai_suzhen
Spider:4: grunt_spider_rune_circles, spiders_nest_ghost_moth_duel
Orc:1:    layout_diamond_mine, uniq_erolcha, uniq_urug
Orc:2:    grunt_orc_community_town_hall, layout_caves,
          grunt_orc_community_big_house_2, grunt_orc_community_big_house_2,
          grunt_orc_community_house_3, grunt_orc_community_house_1,
          grunt_orc_community_house_2, grunt_orc_community_house_3,
          grunt_orc_community_house_1, serial_shops, shop, basic_altar
Vaults:1: mu_enter_wizlab_4, v_rooms_5, ontoclasm_vaults_ring_square,
          vaults_room_grid, nicolae_vaults_shrinking_rooms_1,
          hangedman_vaults_locks, v_rooms_6, nicolae_vaults_circle_grid_b,
          vaults_dpeg_encased_lava, nicolae_vaults_triangles,
          ontoclasm_vaults_ligature, nicolae_vaults_six-pack,
          nicolae_vaults_little_squares_6, vaults_room_pool, layout_vaults_ring
Vaults:2: v_misc_24, ontoclasm_vaults_fault, nicolae_vaults_closet_pinwheel_5,
          vaults_dpeg_emergency_exit, vaults_room_corners, v_misc_10,
          nicolae_vaults_double_plus_1, nicolae_vaults_diamond_1,
          hangedman_vaults_cutoff, layout_vaults_chaotic_city
Vaults:3: portal_desolation_entry_ruin, minmay_crypt_entry_simple_round,
          nicolae_vaults_network_barrier, nicolae_vaults_heist,
          nicolae_vaults_mitosis, grunt_vaults_focal, v_misc_27,
          nicolae_vaults_cornered_office, vaults_room_semicircle,
          hangedman_vaults_trim, vaults_dpeg_cross, vaults_room_guarded_vault,
          serial_ice_h, layout_vaults_omnibox, uniq_saint_roka
Vaults:4: vaults_mumra_lcd, st_greater_box_2, nicolae_vaults_circle_grid_a,
          hangedman_vaults_variations, vaults_room_grid,
          nicolae_vaults_six-pack, hangedman_vaults_slice,
          nicolae_vaults_house_1, ontoclasm_vaults_gateway,
          nicolae_vaults_little_squares_2, nicolae_vaults_closet_pinwheel_4,
          vaults_room_pools, dpeg_vaults_monster_box,
          ontoclasm_vaults_decontamination, nicolae_vaults_trapezoid_lopsided_1,
          hangedman_vaults_trim, layout_vaults_omnicross, uniq_jory, uniq_sojobo
Vaults:5
Depths:1: layout_honeycomb, serial_shops, shop, grunt_hell_entry_dis_mu,
          hangedman_abyss_or_decor_jellyfish_corner, chequers_big_river,
          okawaru_trees_1, serial_bayou_shore_b, minmay_shop_star
Depths:2: minmay_spiral_squares, layout_cave_pools,
          nicolae_abyss_entry_one_way_or_another, rand_demon_pan_entry_8,
          hell_entry, grunt_ministairs_7, serial_bayou_shore_b, uniq_aizul
Depths:3: minmay_sliced_demisemicircle, layout_basic, enter_ziggurat_d,
          hell_entry, serial_shops, shop, abyss_entry
Depths:4: grunt_zot_entry_tricorne, layout_gridlike, lightli_too_deep,
          serial_shops, shop, shop, nicolae_diamond_shop, shop,
          kennysheep_crisscross, minmay_swirly_circle
Zot:1:    layout_gridlike, nzn_random_ring
Zot:2:    gammafunk_its_a_trap, layout_concentric_octagons, grunt_ministairs_12
Zot:3:    layout_basic
Zot:4:    hellmonk_crystal_mountain, layout_concentric_octagons
Zot:5:    layout_onion

Skill      XL: |  1  2  3  4  5  6  7  8  9 10 11 12 13 14 15 16 17 18 19 20 21 22 23 24 25 |
---------------+----------------------------------------------------------------------------+-----
Dodging        | 3 4 5 6 7 9 10 11 12 13 14 15 16 18 | 18.0
Fighting       | 4 5 6 8 9 11 12 13 14 15 16 17 18 19 20 21 23 | 23.3
Unarmed Combat | 4 5 6 7 9 10 11 12 13 14 15 16 17 18 19 20 21 22 | 22.8
Shapeshifting  | 1 2 3 4 6 7 9 11 12 14 16 17 18 19 20 23 25 27 | 27.0
Shields        | 4 6 |  6.0
Evocations     | 10 | 10.0

Action                     |  1- 3 |  4- 6 |  7- 9 | 10-12 | 13-15 | 16-18 | 19-21 | 22-24 | 25-27 || total
---------------------------+-------+-------+-------+-------+-------+-------+-------+-------+-------++-------
  Melee: Unarmed           |   128 |   115 |   240 |   608 |   855 |  1663 |  1361 |  1185 |   264 ||  6419
         Tailslap          |    11 |    14 |    35 |    82 |   178 |   258 |   304 |   252 |    59 ||  1193
         Punch             |     2 |     3 |     5 |    39 |     2 |       |       |   115 |    39 ||   205
         Maw               |       |       |       |       |   312 |    58 |       |       |       ||   370
         Bite              |       |       |       |       |   103 |   192 |   230 |   212 |    40 ||   777
 Invoke: Berserk           |     1 |     4 |     8 |    13 |    16 |    11 |     4 |     3 |       ||    60
         Trog's Hand       |       |       |     1 |     1 |       |     3 |       |     2 |       ||     7
         Brothers in Arms  |       |       |       |       |       |     2 |     1 |     1 |       ||     4
Ability: Breathe Acid      |       |       |     4 |     9 |     1 |       |       |       |     1 ||    15
  Evoke: Wand              |       |       |       |     3 |       |     8 |       |     2 |       ||    13
    Use: Scroll            |       |       |    11 |     9 |    10 |     9 |     3 |    10 |     5 ||    57
         Potion            |       |       |     2 |     6 |     1 |     2 |       |       |    10 ||    21
   Stab: Sleeping          |     2 |       |       |     1 |     4 |     4 |     6 |       |       ||    17
         Invisible         |       |       |       |     1 |       |       |       |       |     2 ||     3
         Distracted        |       |       |       |       |     2 |       |     2 |     2 |       ||     6
 Armour: Skin              |    78 |    55 |   145 |   417 |   306 |   970 |   654 |   716 |   150 ||  3491
  Dodge: Dodged            |    80 |    64 |   134 |   486 |   462 |  2899 |  2266 |  1258 |   160 ||  7809
  Block: Other             |       |       |       |    80 |    12 |    18 |       |       |       ||   110
         Buckler           |       |       |       |       |   367 |  1363 |   831 |   256 |       ||  2817
         Reflection        |       |       |       |       |     7 |     7 |       |       |       ||    14
   Form: Maw               |       |       |       |       |     1 |       |       |       |       ||     1
         Statue            |       |       |       |       |       |     2 |       |       |       ||     2
         Dragon            |       |       |       |       |       |     1 |       |     1 |       ||     2

Table legend: (Time is in decaauts)
 A = Elapsed time spent in this place.
 B = Non-inter-level travel time spent in this place.
 C = Inter-level travel time spent in this place.
 D = Time resting spent in this place.
 E = Time spent auto-exploring this place.
 F = Levels seen in this place.
 G = Mean time per level.
                   A        B        C        D        E       F      G
               +--------+--------+--------+--------+--------+-----+--------+
         Total |  54311 |  50453 |   3858 |   9203 |  28358 |  49 | 1108.4 |
       Dungeon |  15473 |  14210 |   1263 |   3157 |   8281 |  15 | 1031.5 |
          Lair |   5917 |   5387 |    530 |   1349 |   3103 |   5 | 1183.4 |
        Shoals |   5004 |   4691 |    313 |    472 |   2708 |   4 | 1251.0 |
   Spider Nest |   6155 |   5938 |    217 |   1732 |   2744 |   4 | 1538.8 |
  Orcish Mines |   1348 |   1246 |    102 |    138 |    777 |   2 |  674.0 |
        Vaults |   9234 |   8467 |    767 |    274 |   5754 |   5 | 1846.8 |
        Depths |   5120 |   4667 |    453 |    567 |   3079 |   4 | 1280.0 |
           Zot |   2411 |   2201 |    210 |    949 |    625 |   5 |  482.2 |
         Abyss |    359 |    359 |      0 |      0 |     54 |   1 |  359.0 |
      Ice Cave |    845 |    845 |      0 |    304 |    112 |   1 |  845.0 |
        Wizlab |    650 |    650 |      0 |     97 |    316 |   1 |  650.0 |
    Desolation |   1364 |   1364 |      0 |     86 |    667 |   1 | 1364.0 |
      Gauntlet |    425 |    425 |      0 |     74 |    134 |   1 |  425.0 |
               +--------+--------+--------+--------+--------+-----+--------+

Top non-repeatable levels by time:
Vaults:5: 2230 daAuts
Spider:3: 2041 daAuts
Vaults:4: 1885 daAuts
    D:13: 1849 daAuts
Vaults:1: 1807 daAuts
Vaults:3: 1659 daAuts
Vaults:2: 1652 daAuts
Shoals:4: 1609 daAuts
Spider:4: 1580 daAuts
Depths:2: 1533 daAuts
     D:8: 1513 daAuts
  Lair:1: 1439 daAuts
Depths:4: 1406 daAuts
Desolation: 1364 daAuts
    D:10: 1350 daAuts
